 Dungeon Crawl Stone Soup version 0.28.0-43-g3370ac3207 (webtiles) character file.

Game seed: 12002599723699059673

46 sanboga the Chopper (level 3, -5/33 HPs)
             Began as a Minotaur Berserker on Mar 29, 2022.
             Was a Believer of Trog.
             Slain by Sigmund
             ... wielding a +2 scythe of protection
              (7 damage)
             ... on level 2 of the Dungeon.
             The game lasted 00:01:56 (1592 turns).

sanboga the Chopper (Minotaur Berserker)            Turns: 1592, Time: 00:01:56

Health: -5/33      AC: 10    Str: 23    XL:     3   Next: 46%
Magic:  2/2        EV:  8    Int:  4    God:    Trog [**....]
Gold:   38         SH:  0    Dex:  9    Spells: 2/2 levels left

rFire   . . .      SeeInvis .   a - +0 hand axe
rCold   . . .      Faith    .   (no shield)
rNeg    . . .      Spirit   .   e - +0 chain mail
rPois   .          Reflect  .   (helmet restricted)
rElec   .          Harm     .   (no cloak)
rCorr   .          Rampage  .   (no gloves)
Will    .....                   c - +0 pair of boots
Stlth   ..........              (no amulet)
HPRegen 0.11/turn               (no ring)
MPRegen 0.08/turn               (no ring)

@: no status effects
A: horns 2, retaliatory headbutt
a: Renounce Religion, Berserk, Trog's Hand


You were on level 2 of the Dungeon.
You worshipped Trog.
Trog was pleased with you.
You visited 1 branch of the dungeon, and saw 2 of its levels.

You collected 38 gold pieces.

Inventory:

Hand Weapons
 a - a +0 hand axe (weapon)
Armour
 c - a +0 pair of boots (worn)
 e - a +0 chain mail (worn)
Scrolls
 b - a scroll of amnesia {unknown}
 d - a scroll of teleportation {unknown}


   Skills:
 + Level 4.0 Fighting
 * Level 4.4 Axes
 + Level 3.0 Armour
 + Level 2.7 Dodging


You had 2 spell levels left.
You didn't know any spells.
Your spell library was empty.

Dungeon Overview and Level Annotations

Branches:
Dungeon (2/15)

Altars:

Annotations:
D:2 Sigmund


Innate Abilities, Weirdness & Mutations

You have a pair of horns on your head.
You reflexively headbutt those who attack you in melee.


Message History

You now have 38 gold pieces (gained 11).
Sigmund the Dreaded comes into view.
He is wielding a +2 scythe of protection.
Sigmund is nearby!
Sigmund is nearby!
Found a stone staircase leading up.
Found 16 arrows.
Sigmund breathes a few words.
Sigmund's hands start flickering wildly.
Sigmund points at you and mumbles some strange words.
You are confused.
You hit Sigmund.
Sigmund is lightly wounded.
Sigmund barely misses you.
Sigmund hits you with a +2 scythe of protection.
You hit Sigmund. Your headbutt misses Sigmund.
Sigmund is moderately wounded.
Sigmund hits you with a +2 scythe of protection!
You closely miss Sigmund.
Sigmund is moderately wounded.
You feel less confused.
Sigmund hits you with a +2 scythe of protection!
You hit Sigmund.
Sigmund is moderately wounded.
You hit Sigmund but do no damage. You headbutt Sigmund.
Sigmund is heavily wounded.
Sigmund hits you but does no damage.
You hit Sigmund.
Sigmund is heavily wounded.
Sigmund asks, "Do you like me?"
Sigmund hits you with a +2 scythe of protection!
* * * LOW HITPOINT WARNING * * *
You hit Sigmund. Your headbutt misses Sigmund. Your punch misses Sigmund.
Sigmund is severely wounded.
Sigmund completely misses you.
You barely miss Sigmund.
Sigmund is severely wounded.
You hit Sigmund but do no damage. You headbutt Sigmund, but do no damage.
Sigmund is severely wounded.
Sigmund hits you with a +2 scythe of protection!
You die...

................. #.
#######......#.## #.
########... #..
###########......
#..####.........#......
#...............#......
#...............#######
#<...@..........#
##....@#######.########
#.....##.........#....
#....(##.........#....
#.######.........#....
#. ####....###...( #
#....# #.... #)...#
#.... #....###....
###.........


You could see Sigmund.

Vanquished Creatures
  2 adders (D:2)
  3 bats (D:1)
  A giant cockroach (D:1)
  6 goblins
  2 hobgoblins (D:1)
  2 jackals (D:1)
  A kobold (D:1)
  A quokka (D:1)
  A ball python (D:1)
  4 frilled lizards
  4 rats
27 creatures vanquished.

Notes
Turn   | Place    | Note
-------+----------+-------------------------------------------
     0 | D:1      | sanboga the Minotaur Berserker began the quest for the Orb.
     0 | D:1      | Reached XP level 1. HP: 19/19 MP: 0/0
     0 | D:1      | Noticed a formicid
     1 | D:1      | Noticed a dwarf
     1 | D:1      | Noticed a minotaur
     3 | D:1      | Noticed a vine stalker
     3 | D:1      | Noticed a tengu
     5 | D:1      | Noticed a tengu
     6 | D:1      | Noticed a dwarf
     7 | D:1      | Noticed a ghoul
     8 | D:1      | Noticed an ogre
    10 | D:1      | Noticed a vampire
    12 | D:1      | Noticed a naga
    13 | D:1      | Noticed a felid
    15 | D:1      | Noticed a merfolk
    15 | D:1      | Noticed a naga
    17 | D:1      | Noticed an elf
    19 | D:1      | Noticed a ghoul
    19 | D:1      | Noticed a ghoul
   192 | D:1      | Reached XP level 2. HP: 18/27 MP: 1/1
  1199 | D:2      | Reached XP level 3. HP: 24/33 MP: 2/2
  1348 | D:2      | Reached ** piety under Trog
  1578 | D:2      | Noticed Sigmund
  1589 | D:2      | HP: 1/33 [Sigmund/+2 scythe of protection (9)]
  1592 | D:2      | Slain by Sigmund

Illustrated notes

Levels and vault maps discovered:
D:1:      shiori_arrival_whats_in_store_for_you, layout_loops_corners,
          roderic_cross_of_infinity, minivault_14
D:2:      layout_basic, serial_shops, nicolae_shop_advertising_works
          [nicolae_subvault_shop_adworks], uniq_sigmund, uniq_jessica

Skill      XL: |  1  2  3 |
---------------+----------+-----
Axes           | 4 |  4.4
Fighting       | 4 |  4.0
Armour         | 3 |  3.0
Dodging        | |  2.7

Action                   || total
-------------------------++-------
Melee: Hand axe          ||    77
       Headbutt          ||     6
 Stab: Sleeping          ||     2
Armor: Animal skin       ||    10
       Chain mail        ||    24
Dodge: Dodged            ||    35
